 Dungeon Crawl Stone Soup version 0.27-a0-1158-gaa87e14f67 (webtiles) character file.

Game seed: 12900119237829625397

53 voltaire321 the Caller (level 3, -1/39 HPs)
             Began as a Merfolk Summoner on May 16, 2021.
             Slain by Natasha (7 damage)
             ... on level 3 of the Dungeon.
             The game lasted 00:06:17 (1800 turns).

voltaire321 the Caller (Merfolk Summoner)           Turns: 1800, Time: 00:06:18

Health: -1/39      AC: 21    Str:  8    XL:     3   Next: 87%
Magic:  1/6        EV:  2    Int: 15    God:
Gold:   104        SH:  0    Dex: 14    Spells: 0/6 levels left

rFire    . . .     SeeInvis .   c - +0 dagger
rCold    . . .     Faith    .   (no shield)
rNeg     + + +     Spirit   .   (armour currently unavailable)
rPois    +         Reflect  .   (helmet currently unavailable)
rElec    .         Harm     .   (cloak currently unavailable)
rCorr    .         Rampage  .   (gloves currently unavailable)
Will     .....     NoTele   +   (boots currently unavailable)
Stlth    ++........             (no amulet)
HPRegen  0.13/turn              (no ring)
MPRegen  0.10/turn              (no ring)

@: tree-form
A: stationary, stasis, torment immunity, boosted hp, (nimble swimmer 2),
(mertail)
a: no special abilities


You were on level 3 of the Dungeon.
You were a tree.
You visited 1 branch of the dungeon, and saw 4 of its levels.

You collected 104 gold pieces.

Inventory:

Hand Weapons
 c - a +0 dagger (weapon)
Missiles
 g - a throwing net
Armour
 a - a +0 robe
 b - a +0 leather armour (melded)
Jewellery
 d - a ring of flight
Scrolls
 e - a scroll of identify


   Skills:
 + Level 1.3 Fighting
 + Level 3.4 Dodging
 + Level 2.9 Stealth
 + Level 2.4 Spellcasting
 + Level 4.2 Summonings


You couldn't memorise any spells.
You knew the following spells:

 Your Spells              Type           Power      Damage    Failure   Level
a - Call Imp              Summ           14%        N/A       5%          2
b - Summon Small Mammal   Summ           56%        N/A       3%          1
c - Call Canine Familiar  Summ           14%        N/A       11%         3

Your spell library contained the following spells:

 Spells                   Type           Power      Damage    Failure   Level
 Summon Guardian Golem    Hex/Summ       8%         N/A       26%         3
 Summon Ice Beast         Ice/Summ       8%         N/A       65%         4
 Summon Lightning Spire   Summ/Air       8%         N/A       65%         4


Dungeon Overview and Level Annotations

Branches:
Dungeon (4/15)
 Temple: D:4-7

Altars:

Annotations:
D:3 Natasha


Innate Abilities, Weirdness & Mutations

You are a tree.
Your roots penetrate the ground, keeping you stationary.
You cannot be teleported.
You are immune to unholy pain and torment.
Your maximum health is greatly increased.
Your equipment is partially melded.
((You are quick and stealthy near water. (Stealth+, EV+, Speed+++)))
((Your lower body shifts to a powerful aquatic tail in water.))


Message History

Natasha claws your crimson imp.
Your crimson imp closely misses Natasha.
Natasha claws your crimson imp!
Your crimson imp hits Natasha.
Your crimson imp blinks!
Natasha claws your crimson imp.
Your crimson imp dies!
Casting: Call Imp (safe; 5% risk of failure)
Confirm with . or Enter, or press ? or * to list all spells.
You don't have enough magic to cast this spell.
Casting: Call Imp (safe; 5% risk of failure)
Confirm with . or Enter, or press ? or * to list all spells.
Natasha howls an incantation.
Natasha shimmers violently.
What are your orders? t - Creak!
Orders for allies: a - Attack new target. p - Attack previous target. r - Retreat! s - Stop attacking. g - Guard the area. f - Follow me.
Anything else - Cancel.
Gang up on whom?
Press: ? - help, Dir - move target, f/p - Natasha
Aim: Natasha, carrying a wand of digging (3) (moderately wounded, ally target) Attack!
Natasha mumbles some strange words.
Your crimson imp disappears in a puff of smoke!
Natasha hisses.
Your rat bites Natasha but does no damage.
You closely miss Natasha.
Natasha is moderately wounded.
Natasha mumbles some strange words.
You feel troubled. Natasha claws you but does no damage.
Your rat misses Natasha. You hit Natasha.
Natasha is heavily wounded.
Natasha claws you but does no damage.
Your rat closely misses Natasha.
The crimson imp blinks!
You hit Natasha but do no damage.
Natasha is heavily wounded.
Natasha claws you!
You die...

############## #.
#............. #.
#.############ ##.
#.# .. #.# #.
###.# ###.##...#
..##...r....######
..###
?......♣h§...5...+
.....
.......####.#.####
..##. .......
#.#.# ....... #.#
# ##..... #.#
#..... #.# #.....
#.# #..... #.#


You could see Natasha (ally target), a crimson imp (summoned) and a friendly rat
(summoned).

Vanquished Creatures
  An adder (D:2)
  An endoplasm (D:1)
  2 hobgoblins
  A quokka (D:1)
  A ball python (D:4)
  A bat (D:1)
  A rat (D:1)
8 creatures vanquished.

Vanquished Creatures (collateral kills)
  Natasha (D:3)
  An adder (D:2)
  An adder skeleton (D:2)
  A ball python (D:1)
  5 endoplasms
  3 goblins (D:1)
  2 hobgoblins
  3 jackals (D:1)
  3 quokkas
  2 bats (D:2)
  A kobold (D:1)
23 creatures vanquished.

Grand Total: 31 creatures vanquished

Notes
Turn   | Place    | Note
-------+----------+-------------------------------------------
     0 | D:1      | voltaire321 the Merfolk Summoner began the quest for the
                  | Orb.
     0 | D:1      | Reached XP level 1. HP: 13/13 MP: 3/3
   541 | D:1      | Reached XP level 2. HP: 14/20 MP: 3/5
   683 | D:1      | Learned a level 2 spell: Call Imp
  1268 | D:2      | Reached skill level 1 in Fighting
  1268 | D:2      | Reached XP level 3. HP: 25/26 MP: 3/6
  1478 | D:2      | Learned a level 3 spell: Call Canine Familiar
  1673 | D:2      | You fall into a shaft and drop 2 floors!
  1758 | D:3      | Noticed Natasha
  1768 | D:3      | Killed Natasha
  1786 | D:3      | Noticed Natasha
  1800 | D:3      | Slain by Natasha

Illustrated notes

Levels and vault maps discovered:
D:1:      sevenhm_arrival_forest_fort_small_6, layout_loops_cross,
          minmay_unequal
D:2:      layout_loops_ring, basic_ecumenical_altar, uniq_jessica
D:3:      layout_basic, minmay_vboxes, uniq_terence, uniq_natasha, uniq_ijyb
D:4:      lemuel_castle_with_subvaults [lemuel_castle_interior_carwin_2],
          layout_cave_pools, minitemple

Skill      XL: |  1  2 |
---------------+-------+-----
Dodging        | 3 |  3.4
Fighting       | 1 |  1.3
Stealth        | |  2.9
Spellcasting   | |  2.4
Summonings     | |  4.2

Action                   || total
-------------------------++-------
Melee: Dagger            ||    83
       Unarmed           ||     7
 Cast: Summon Small Mamm ||    12
       Call Imp          ||    12
  Use: Scroll            ||     1
       Potion            ||     1
 Stab: Sleeping          ||     3
Armor: Leather armour    ||    19
       Skin              ||     5
Dodge: Dodged            ||    60

Table legend: (Time is in decaauts)
 A = Elapsed time spent in this place.
 B = Non-inter-level travel time spent in this place.
 C = Inter-level travel time spent in this place.
 D = Time resting spent in this place.
 E = Time spent auto-exploring this place.
 F = Levels seen in this place.
 G = Mean time per level.
                   A        B        C        D        E       F      G
               +--------+--------+--------+--------+--------+-----+--------+
         Total |   1798 |   1782 |     16 |    650 |    711 |   4 |  449.5 |
       Dungeon |   1798 |   1782 |     16 |    650 |    711 |   4 |  449.5 |
               +--------+--------+--------+--------+--------+-----+--------+

Top non-repeatable levels by time:
     D:1: 1262 daAuts
     D:2: 409 daAuts
     D:3: 78 daAuts
     D:4: 47 daAuts
